 Dungeon Crawl Stone Soup version 0.24.0-13-gcf9b319 (webtiles) character file.

Game seed: 12048930362437246286, levelgen mode: deterministic

212 Balder the Shield-Bearer (level 5, 0/41 HPs)
             Began as a Demonspawn Fighter on Mar 25, 2020.
             Slain by Grinder (3 damage)
             ... while paralysed by Grinder
             ... on level 3 of the Dungeon.
             The game lasted 00:10:15 (2359 turns).

Balder the Shield-Bearer (Demonspawn Fighter)       Turns: 2359, Time: 00:10:15

Health: 0/41       AC:  8    Str: 18    XL:     5   Next: 58%
Magic:  5/5        EV:  2    Int:  9    God:
Gold:   123        SH:  0    Dex: 12    Spells: 4/4 levels left

rFire    . . .     SeeInvis .   a - +0 flail
rCold    + . .     Gourm    .   c - +0 shield
rNeg     . . .     Faith    .   b - +0 scale mail
rPois    .         Spirit   .   (no helmet)
rElec    .         Reflect  .   (no cloak)
rCorr    .         Harm     .   (no gloves)
MR       .....                  (no boots)
Stlth    ..........             (no amulet)
HPRegen  0.13/turn              (no ring)
MPRegen  0.09/turn              (no ring)

@: paralysed, flying
A: icy blue scales 1, cold resistance 1, rot immunity
a: no special abilities


You were on level 3 of the Dungeon.
You were not hungry.

You visited 1 branch of the dungeon, and saw 3 of its levels.

You collected 123 gold pieces.

Inventory:

Hand Weapons
 a - a +0 flail (weapon)
 s - a +1 dagger of flaming
Missiles
 j - 72 bolts
Armour
 b - a +0 scale mail (worn)
 c - a +0 shield (worn)
 o - a +0 pair of gloves
Jewellery
 i - an uncursed ring of flight {unknown}
Scrolls
 h - a scroll of fear {unknown}
 m - 3 scrolls of identify {unknown}
 n - a scroll of remove curse {unknown}
 p - a scroll of amnesia {unknown}
 q - 2 scrolls of blinking {unknown}
 r - a scroll of fog {unknown}
Potions
 d - a potion of might
 e - a potion of flight
 g - a potion of haste {unknown}
 l - 2 potions of degeneration {unknown}
Comestibles
 f - 6 rations
 k - 4 chunks of flesh


   Skills:
 * Level 3.3 Fighting
 * Level 3.2 Maces & Flails
 * Level 3.6 Armour
 + Level 0.4 Dodging
 * Level 1.3 Stealth
 * Level 3.6 Shields


You had 4 spell levels left.
You didn't know any spells.
Your spell library was empty.

Dungeon Overview and Level Annotations

Branches:
Dungeon (3/15)

Altars:
Makhleb
Ru
The Shining One

Annotations:
D:3 Grinder


Innate Abilities, Weirdness & Mutations

You are partially covered in icy blue scales. (AC +2)
Your flesh is cold resistant. (rC+)
You are immune to rotting.


Message History

Grinder closely misses you.
You closely miss Grinder.
Grinder is severely wounded.
You block Grinder's attack.
You closely miss Grinder.
Grinder is severely wounded.
Grinder hits you.
* * * LOW HITPOINT WARNING * * *
Grinder hits you.
* * * LOW HITPOINT WARNING * * *
Your shield and scale mail prevent you from hitting Grinder.
Grinder is severely wounded.
You block Grinder's attack.
It was a potion of flight.
You feel very buoyant.
You fly up into the air.
Grinder gestures at you.
You suddenly lose the ability to move!
Grinder hits you.
You die...

### ## ######## #.. ..#
#....... #.# #.#
#.###..# ######.# #.#
#.###..#
#......###.#####.#....รท
#.####@#.5.........#..#
###5#.#.#...#......#
#.....#..)...####.##
#.#.....#...## #...
#.#.######.## #### ....#
#.# ##.### #.# #. #+# #


You could see Grinder.

Vanquished Creatures
  A hound (D:2)
  7 adders
  4 gnolls (D:2)
  A dart slug (D:1)
  5 leopard geckos
  3 orcs (D:3)
  A ball python (D:1)
  3 bats
  7 giant cockroaches
  5 goblins
  6 hobgoblins
  6 jackals
  3 quokkas
  11 frilled lizards
  7 kobolds
  3 rats (D:2)
73 creatures vanquished.

Notes
Turn   | Place    | Note
-------+----------+-------------------------------------------
     0 | D:1      | Balder the Demonspawn Fighter began the quest for the Orb.
     0 | D:1      | Reached XP level 1. HP: 18/18 MP: 1/1
   129 | D:1      | Gained mutation: Your flesh is cold resistant. (rC+)
                  | [demonic ancestry]
   129 | D:1      | Reached XP level 2. HP: 21/24 MP: 2/2
   490 | D:1      | Gained mutation: You are immune to rotting. [demonic
                  | ancestry]
   490 | D:1      | Reached XP level 3. HP: 26/29 MP: 3/3
   946 | D:2      | Found a glowing golden altar of the Shining One.
   946 | D:2      | Found a sacrificial altar of Ru.
   988 | D:2      | Reached skill level 1 in Stealth
  1216 | D:2      | Found a burning altar of Makhleb.
  1225 | D:2      | Gained mutation: You are partially covered in icy blue
                  | scales. (AC +2) [demonic ancestry]
  1225 | D:2      | Reached XP level 4. HP: 30/35 MP: 4/4
  1647 | D:2      | Reached XP level 5. HP: 35/41 MP: 5/5
  2323 | D:3      | Noticed Grinder
  2328 | D:3      | Paralysed by Grinder for 2 turns
  2343 | D:3      | Paralysed by Grinder for 6 turns
  2356 | D:3      | HP: 2/41 [Grinder (1)]
  2358 | D:3      | Paralysed by Grinder for 6 turns
  2359 | D:3      | Slain by Grinder

Levels and vault maps discovered:
D:1:      lightli_arrival_flooded_house, layout_basic, corner_web_ring,
          minmay_lizard_pond
D:2:      layout_basic, makhleb_heckhound_becter,
          gammafunk_temple_overflow_pools, first_ration
D:3:      layout_loops_corners, overflow_temple_1_default,
          minmay_misc_feat_square, uniq_grinder

Skill      XL: |  1  2  3  4  5 |
---------------+----------------+-----
Shields        | 3 |  3.6
Armour         | 3 |  3.6
Maces & Flails | 2 3 |  3.2
Stealth        | 1 |  1.3
Fighting       | |  3.3
Dodging        | |  0.4

Action                   |  1- 3 |  4- 6 || total
-------------------------+-------+-------++-------
Melee: Flail             |   114 |   170 ||   284
  Use: Potion            |       |     1 ||     1
  Eat: Chunk             |     1 |     4 ||     5
Armor: Scale mail        |    51 |    70 ||   121
Dodge: Dodged            |    30 |    38 ||    68
Block: Shield            |    57 |    83 ||   140
